 Dungeon Crawl Stone Soup version 0.30.0-19-g36f170ea60 (webtiles) character file.

Game seed: 11655553487071541058

151 hikkokomori the Chiller (level 4, -1/36 HPs)
             Began as a Demigod Ice Elementalist on May 31, 2023.
             Slain by a scorpion (4 damage)
             ... on level 4 of the Dungeon.
             The game lasted 00:05:33 (3404 turns).

hikkokomori the Chiller (Demigod Ice Elementalist)  Turns: 3404, Time: 00:05:34

Health: -1/36      AC:  5    Str:  9    XL:     4   Next: 86%
Magic:  4/10       EV: 12    Int: 21    God:
Gold:   233        SH:  0    Dex: 14    Spells: 4/8 levels left

rFire   . . .        m - +2 dagger (speed)
rCold   . . .        (no shield)
rNeg    . . .        a - +0 robe
rPois   .            (no helmet)
rElec   .            q - +0 cloak
rCorr   .            (no gloves)
SInv    .            h - +1 pair of boots
Will    .....        (no amulet)
Stlth   ++           (no ring)
HPRegen 0.26/turn    (no ring)
MPRegen 0.12/turn

%: no passive effects
@: lethally poisoned (-1 -> -11), freezing walls
A: high MP 1, forlorn, divine attributes
a: no special abilities


You were on level 4 of the Dungeon.
You visited 1 branch of the dungeon, and saw 4 of its levels.

You collected 233 gold pieces.

Inventory:

Hand Weapons
 m - a +2 dagger of speed (weapon)
Missiles
 g - 11 poisoned darts
Armour
 a - a +0 robe (worn)
 h - a +1 pair of boots (worn)
 q - a +0 cloak (worn)
Scrolls
 d - a scroll of silence {unknown}
 e - 3 scrolls of enchant weapon {unknown}
 f - a scroll of blinking {unknown}
 i - 2 scrolls of immolation {unknown}
 j - 2 scrolls of poison {unknown}
 n - a scroll of magic mapping {unknown}
 o - a scroll of vulnerability {unknown}
 p - 2 scrolls of identify {unknown}
 s - 2 scrolls of teleportation {unknown}
Potions
 b - 2 potions of magic
 c - 2 potions of curing
 k - a potion of brilliance {unknown}
 l - a potion of attraction {unknown}
 r - a potion of berserk rage {unknown}
 t - a potion of might {unknown}


   Skills:
 + Level 2.0 Fighting
 - Level 1.7 Dodging
 + Level 3.0 Stealth
 + Level 2.6 Spellcasting
 + Level 4.2 Ice Magic


You had 4 spell levels left.
You knew the following spells:

 Your Spells              Type           Power      Damage    Failure   Level
a - Freeze                Ice            80%        1d9       2%          1
b - Frozen Ramparts       Ice            40%        1d7       7%          3

Your spell library contained the following spells:

 Spells                   Type           Power      Damage    Failure   Level
 Ozocubu's Armour         Ice            20%        N/A       7%          3
 Magic Dart               Conj           8%         1d3       14%         1
 Call Imp                 Summ           4%         N/A       21%         2
 Mephitic Cloud           Conj/Pois/Air  2%         N/A       38%         3
 Summon Ice Beast         Ice/Summ       11%        N/A       50%         4


Dungeon Overview and Level Annotations

Branches:
Dungeon (4/15)
 Temple: D:4-7

Shops:
D:3 [

Annotations:
D:2 Natasha


Innate Abilities, Weirdness & Mutations

You have an increased reservoir of magic. (+10% MP)
You shall have no god before yourself.
Your divine heritage dramatically boosts your attributes as you level up.


Message History

Confirm with . or Enter, or press ? or * to list all spells.
You don't know that spell.
Unknown command.
Casting: Frozen Ramparts (dangerous; 7% risk of failure)
Confirm with . or Enter, or press ? or * to list all spells.
Okay, then.
Casting: Frozen Ramparts (dangerous; 7% risk of failure)
Confirm with . or Enter, or press ? or * to list all spells.
Aiming: Freeze (safe; 2% risk of failure)
Press: ? - help, Shift-Dir - straight line, f - scorpion
Aim: a scorpion (lightly wounded)
You freeze the scorpion.
The scorpion is lightly wounded.
The scorpion stings you.
The wall freezes the dart slug.
The dart slug launches a dart at you. The slug dart misses you.
Casting: Freeze (safe; 2% risk of failure)
Confirm with . or Enter, or press ? or * to list all spells.
Aiming: Freeze (safe; 2% risk of failure)
Press: ? - help, Shift-Dir - straight line, f/p - scorpion
Aim: a scorpion (lightly wounded)
You freeze the scorpion.
The scorpion is moderately wounded.
The scorpion barely misses you.
The wall freezes the dart slug!
You kill the dart slug!
The scorpion stings you.
* * * LOW HITPOINT WARNING * * *
You are lethally poisoned!
The scorpion poisons you!
Casting: Freeze (safe; 2% risk of failure)
Confirm with . or Enter, or press ? or * to list all spells.
Aiming: Freeze (safe; 2% risk of failure)
Press: ? - help, Shift-Dir - straight line, f/p - scorpion
Aim: a scorpion (moderately wounded)
You freeze the scorpion.
The scorpion is severely wounded.
* * * LOW HITPOINT WARNING * * *
You feel very sick. The scorpion stings you.
You die...

.###### ....... #
....... .
###....... . #.
####......... . ##.
###............ .
#..##....).s.......
..
#.#.......@†.......
..
#.......##........
..
#.....(...........
..
##.................
....
#..................
....
#..##.....######)..
.... #.. ##..###
#.. .... #. #...#
.. .... ##..##


You could see a scorpion.

Vanquished Creatures
  Crazy Yiuf (D:3)
  Natasha (D:2)
  3 adders
  4 dart slugs
  6 ball pythons
  10 endoplasms
  5 giant cockroaches
  4 hobgoblins
  2 quokkas
  7 bats
  3 frilled lizards
  6 goblins
  5 kobolds
  5 rats
62 creatures vanquished.

Notes
Turn   | Place    | Note
-------+----------+-------------------------------------------
     0 | D:1      | hikkokomori the Demigod Ice Elementalist began the quest
                  | for the Orb.
     0 | D:1      | Reached XP level 1. HP: 14/14 MP: 5/5
   254 | D:1      | Reached XP level 2. HP: 6/22 MP: 0/7
  1274 | D:2      | Reached skill level 1 in Fighting
  1456 | D:2      | Noticed Natasha
  1462 | D:2      | Killed Natasha
  1463 | D:2      | Reached skill level 4 in Ice Magic
  1463 | D:2      | Reached XP level 3. HP: 11/28 MP: 5/9
  1467 | D:2      | Learned a level 3 spell: Frozen Ramparts
  1976 | D:2      | Noticed Natasha
  2332 | D:3      | Found Aluet's Antique Armour Emporium.
  2392 | D:3      | Reached XP level 4. HP: 28/35 MP: 8/10
  2553 | D:3      | Found a runed translucent door.
  2554 | D:3      | Noticed Crazy Yiuf
  2562 | D:3      | Killed Crazy Yiuf
  3404 | D:4      | Slain by a scorpion

Illustrated notes

Levels and vault maps discovered:
D:1:      dpeg_arrival_simpleton_b, layout_basic
D:2:      layout_loops_ring, minmay_misc_feat_columns, uniq_natasha
D:3:      layout_loops_cross, hellmonk_ecumenical_altar_inner_sanctum,
          serial_shops, shop, hangedman_decor_points, uniq_crazy_yiuf_cottage
D:4:      minmay_chambers_of_fours, layout_layer_cave

Skill      XL: |  1  2  3  4 |
---------------+-------------+-----
Stealth        | 2 3 |  3.0
Spellcasting   | 2 |  2.6
Fighting       | 1 2 |  2.0
Ice Magic      | 4 |  4.2
Dodging        | |  1.7

Action                     |  1- 3 |  4- 6 || total
---------------------------+-------+-------++-------
  Melee: Unarmed           |    21 |       ||    21
         Dagger            |     9 |    49 ||    58
         Punch             |       |     2 ||     2
   Cast: Freeze            |    64 |     8 ||    72
         Frozen Ramparts   |       |     2 ||     2
    Use: Potion            |       |     1 ||     1
   Stab: Sleeping          |       |     2 ||     2
 Armour: Robe              |    22 |    14 ||    36
  Dodge: Dodged            |    59 |    28 ||    87
